 Dungeon Crawl Stone Soup version 0.27-a0-797-g27d10ad80f (webtiles) character file.

Game seed: 14454760734848187453

190 sahdkjhfkaj the Skirmisher (level 5, -2/43 HPs)
             Began as a Mummy Wanderer on Mar 27, 2021.
             Slain by a gnoll
             ... wielding a +0 flail
              (5 damage)
             ... on level 3 of the Dungeon.
             The game lasted 00:02:30 (4127 turns).

sahdkjhfkaj the Skirmisher (Mummy Wanderer)         Turns: 4127, Time: 00:02:31

Health: -2/43      AC:  9    Str: 15    XL:     5   Next: 41%
Magic:  5/5        EV:  6    Int: 11    God:
Gold:   139        SH:  0    Dex: 13    Spells: 4/4 levels left

rFire    x . .     SeeInvis .   b - +2 whip (freeze)
rCold    + . .     Faith    .   (no shield)
rNeg     + + +     Spirit   .   f - +0 chain mail
rPois    ∞         Reflect  .   c - +0 helmet
rElec    .         Harm     .   (no cloak)
rCorr    .         Rampage  .   (no gloves)
Will     .....                  (no boots)
Stlth    ..........             (no amulet)
HPRegen  0.14/turn              (no ring)
MPRegen  0.09/turn              (no ring)

@: no status effects
A: cold resistance 1, negative energy resistance 3, torment resistance 2,
unbreathing 1, heat vulnerability 1, no potions
a: no special abilities


You were on level 3 of the Dungeon.
You visited 1 branch of the dungeon, and saw 3 of its levels.

You collected 139 gold pieces.

Inventory:

Hand Weapons
 a - a +0 vorpal hand axe
 b - a +2 whip of freezing (weapon)
Armour
 c - a +0 helmet (worn)
 f - a +0 chain mail (worn)
Scrolls
 d - 2 scrolls of teleportation
 e - a scroll of blinking
 g - a scroll of fear


   Skills:
 + Level 4.7 Fighting
 - Level 2.4 Long Blades
 + Level 2.0 Axes
 - Level 1.0 Throwing
 + Level 2.2 Armour
 - Level 1.0 Stealth
 - Level 1.0 Shields


You had 4 spell levels left.
You didn't know any spells.
Your spell library contained the following spells:

 Spells                   Type           Power      Damage    Failure   Level
 Animate Skeleton         Necr           0%         N/A       100%        1
 Apportation              Tloc           0%         N/A       100%        1
 Corona                   Hex            0%         N/A       100%        1
 Summon Small Mammal      Summ           0%         N/A       100%        1


Dungeon Overview and Level Annotations

Branches:
Dungeon (3/15)

Altars:
Vehumet


Innate Abilities, Weirdness & Mutations

You are immune to poison.
Your flesh is cold resistant. (rC+)
You are immune to negative energy. (rN+++)
You are immune to unholy pain and torment.
You can survive without breathing.
You are vulnerable to heat. (rF-)
You do not drink.


Message History

You start resting.
Things that are here:
a +0 club; a gnoll corpse
Okay, then.
You start resting.
HP restored.
There is a stone staircase leading down here.
You climb downwards.
The gnoll hits you with a +0 halberd! The gnoll hits you with a +0 flail.
The gnoll hits you but does no damage. x2
There is a stone staircase leading up here.
You hit the gnoll but do no damage. The gnoll barely misses you. x2
You hit the gnoll. You freeze the gnoll.
The gnoll is heavily wounded.
The gnoll hits you with a +0 halberd! The gnoll closely misses you.
You are too injured to fight recklessly!
You are too injured to fight recklessly!
You are too injured to fight recklessly!
You are too injured to fight recklessly!
You are too injured to fight recklessly!
You are too injured to fight recklessly!
You are too injured to fight recklessly!
You are too injured to fight recklessly!
You are too injured to fight recklessly!
You are too injured to fight recklessly!
You are too injured to fight recklessly!
You are too injured to fight recklessly!
You are too injured to fight recklessly!
You hit the gnoll. You freeze the gnoll.
The gnoll is almost dead.
The gnoll hits you but does no damage. The gnoll hits you with a +0 flail!
You hit the gnoll but do no damage.
The gnoll is almost dead.
The gnoll hits you with a +0 halberd.
* * * LOW HITPOINT WARNING * * *
The gnoll hits you with a +0 flail.
* * * LOW HITPOINT WARNING * * *
You hit the gnoll. You freeze the gnoll.
You kill the gnoll!
The gnoll hits you with a +0 flail.
You die...

......#.>.(.....
....###.........
..gg# ##########
..#.# ..#g#### ###
..#....# #.#####
.(####.# #.....######
##
#g########)###.#....#
#g##.......@...##.#.#
#.##.######.g####.#.#
#.##.# #..(....#)#
#..).# #.#######.#
###### #.........#
###########


You could see a gnoll.

Vanquished Creatures
  A scorpion (D:2)
  6 gnolls
  4 adders
  2 worms
  A dart slug (D:3)
  An orc (D:3)
  2 bats (D:1)
  4 endoplasms
  3 giant cockroaches
  3 goblins
  6 hobgoblins
  4 jackals
  A quokka (D:1)
  2 ball pythons (D:2)
  4 frilled lizards
  3 kobolds
  7 rats
54 creatures vanquished.

Notes
Turn   | Place    | Note
-------+----------+-------------------------------------------
     0 | D:1      | sahdkjhfkaj the Mummy Wanderer began the quest for the Orb.
     0 | D:1      | sahdkjhfkaj set off with the following items: a +2 dagger,
                  | a scroll of fear, a +0 ring mail, a scroll of teleportation
     0 | D:1      | Reached XP level 1. HP: 18/18 MP: 1/1
   520 | D:1      | Reached XP level 2. HP: 21/24 MP: 2/2
  1514 | D:2      | Reached XP level 3. HP: 29/30 MP: 3/3
  1609 | D:2      | Reached skill level 4 in Fighting
  1609 | D:2      | Reached skill level 1 in Armour
  2063 | D:2      | Found a radiant altar of Vehumet.
  2645 | D:3      | Noticed an ogre
  3183 | D:3      | Reached XP level 4. HP: 37/37 MP: 4/4
  3507 | D:2      | Reached XP level 5. HP: 12/43 MP: 5/5
  4127 | D:3      | Slain by a gnoll

Illustrated notes

Levels and vault maps discovered:
D:1:      nzn_arrival_water_spiral, layout_basic, roderic_lattice_a,
          minmay_cupped
D:2:      layout_loops_ring, general_overflow_altar
D:3:      cheibrodos_helix_gallery, layout_basic, gammafunk_temple_overflow_claw

Skill      XL: |  1  2  3  4  5 |
---------------+----------------+-----
Fighting       | 4 |  4.7
Armour         | 1 2 |  2.2
Axes           | 2 |  2.0
Long Blades    | |  2.4
Throwing       | |  1.0
Stealth        | |  1.0
Shields        | |  1.0

Action                   |  1- 3 |  4- 6 || total
-------------------------+-------+-------++-------
Melee: Dagger            |   140 |       ||   140
       Whip              |    24 |    83 ||   107
       Hand axe          |    11 |       ||    11
  Use: Scroll            |     4 |       ||     4
Armor: Ring mail         |    11 |       ||    11
       Chain mail        |    81 |    61 ||   142
Dodge: Dodged            |    49 |    40 ||    89

Table legend: (Time is in decaauts)
 A = Elapsed time spent in this place.
 B = Non-inter-level travel time spent in this place.
 C = Inter-level travel time spent in this place.
 D = Time resting spent in this place.
 E = Time spent auto-exploring this place.
 F = Levels seen in this place.
 G = Mean time per level.
                   A        B        C        D        E       F      G
               +--------+--------+--------+--------+--------+-----+--------+
         Total |   4134 |   4067 |     67 |   1079 |   2428 |   3 | 1378.0 |
       Dungeon |   4134 |   4067 |     67 |   1079 |   2428 |   3 | 1378.0 |
               +--------+--------+--------+--------+--------+-----+--------+

Top non-repeatable levels by time:
     D:2: 2081 daAuts
     D:1: 1223 daAuts
     D:3: 829 daAuts
